 Dungeon Crawl Stone Soup version 0.27.1-34-g3ba077fa99 (webtiles) character file.

Game seed: 2684640887185545543

133 cbfl8 the Sneak (level 4, 0/40 HPs)
             Began as a Minotaur Delver on Jan 27, 2022.
             Slain by a giant cockroach (1 damage)
             ... on level 2 of the Dungeon.
             The game lasted 00:03:38 (1905 turns).

cbfl8 the Sneak (Minotaur Delver)                   Turns: 1905, Time: 00:03:39

Health: 0/40       AC:  3    Str: 17    XL:     4   Next: 93%
Magic:  3/3        EV: 12    Int:  7    God:
Gold:   49         SH:  0    Dex: 12    Spells: 3/3 levels left

rFire    . . .     SeeInvis .   a - +0 hand axe
rCold    . . .     Faith    .   (no shield)
rNeg     . . .     Spirit   .   b - +0 leather armour
rPois    .         Reflect  .   (helmet restricted)
rElec    .         Harm     .   (no cloak)
rCorr    .         Rampage  .   (no gloves)
Will     .....                  (no boots)
Stlth    +++.......             (no amulet)
HPRegen  0.13/turn              (no ring)
MPRegen  0.08/turn              (no ring)

@: no status effects
A: horns 2, retaliatory headbutt
a: no special abilities


You were on level 2 of the Dungeon.
You visited 1 branch of the dungeon, and saw 5 of its levels.

You collected 49 gold pieces.

Inventory:

Hand Weapons
 a - a +0 hand axe (weapon)
Missiles
 h - 30 arrows
 i - 12 poisoned darts (quivered)
 q - 40 stones
Armour
 b - a +0 leather armour (worn)
Jewellery
 k - an amulet of guardian spirit
Wands
 g - a wand of digging (3)
Scrolls
 c - 2 scrolls of fog
 d - a scroll of magic mapping
 e - a scroll of fear
 l - a scroll of holy word {unknown}
 n - a scroll of noise {unknown}
Potions
 f - a potion of haste
 j - 2 potions of brilliance {unknown}
 m - a potion of attraction {unknown}
 o - a potion of ambrosia {unknown}
 p - 4 potions of curing {unknown}


   Skills:
 + Level 4.1 Fighting
 + Level 3.6 Axes
 + Level 1.2 Armour
 + Level 2.6 Dodging
 + Level 5.1 Stealth


You had 3 spell levels left.
You didn't know any spells.
Your spell library contained the following spells:

 Spells                   Type           Power      Damage    Failure   Level
 Corona                   Hex            0%         N/A       50%         1
 Ensorcelled Hibernation  Hex/Ice        0%         N/A       63%         2
 Tukima's Dance           Hex            0%         N/A       86%         3


Dungeon Overview and Level Annotations

Branches:
Dungeon (5/15)
 Temple: D:4-7

Altars:
The Shining One

Shops:
D:5 :


Innate Abilities, Weirdness & Mutations

You have a pair of horns on your head.
You reflexively headbutt those who attack you in melee.


Message History

There is a stone staircase leading up here.
The kobold shouts!
The goblin shouts!
The kobold hits you with a +0 club.
You hit the kobold.
The kobold is moderately wounded.
The kobold hits you with a +0 club. x2
You barely miss the kobold. Your headbutt misses the kobold.
The kobold is moderately wounded.
The kobold barely misses you. You furiously retaliate!
You headbutt the kobold.
You kill the kobold!
You closely miss the goblin. The goblin hits you but does no damage.
You hit the goblin but do no damage. The goblin barely misses you.
You hit the goblin but do no damage. The goblin barely misses you.
You completely miss the goblin. The goblin hits you with a +0 dagger.
You closely miss the goblin. The goblin hits you with a +0 dagger.
You closely miss the goblin. Your headbutt misses the goblin.
The goblin closely misses you. You furiously retaliate!
You headbutt the goblin.
You kill the goblin!
Things that are here:
a +0 dagger; a +0 leather armour; a goblin corpse 2 gnolls come into view.
A gnoll comes into view. It is wielding a +0 flail.
The gnoll shouts! x2; You hear a shout!
A gnoll comes into view. It is wielding a +0 spear.
The gnoll hits you with a +0 flail.
The gnoll hits you from afar with a +0 spear.
The gnoll barely misses you. The gnoll barely misses you.
The gnoll hits you with a +0 flail. The gnoll hits you with a +0 flail!
* * * LOW HITPOINT WARNING * * *
The gnoll hits you from afar with a +0 spear.
* * * LOW HITPOINT WARNING * * *
A hobgoblin comes into view. It is wielding a +0 dagger.
The hobgoblin moves out of view.
A giant cockroach comes into view.
The giant cockroach bites you.
* * * LOW HITPOINT WARNING * * *
The giant cockroach bites you.
You die...

#.. #.. ###.###
#.....#
#####..)..###.##.
#.......)........
#.###.....###.###
#..<.B.# ###..@.#
##.g.# ##.## #.#
#g# #g# #g# #.#
###.#######


You could see 4 gnolls and a giant cockroach.

Vanquished Creatures
  A hound (D:4)
  4 adders (D:2)
  A white imp (D:3)
  An ufetubus (D:4)
  A worm (D:2)
  2 bats (D:1)
  4 endoplasms
  2 giant cockroaches (D:1)
  7 goblins
  2 hobgoblins (D:1)
  4 jackals (D:1)
  4 kobolds (D:2)
  5 ball pythons (D:1)
  3 frilled lizards
  A goblin skeleton (D:3)
  A hobgoblin zombie (D:3)
  A kobold skeleton (D:3)
  A kobold zombie (D:3)
  An orc zombie (D:3)
  6 rats (D:1)
52 creatures vanquished.

Notes
Turn   | Place    | Note
-------+----------+-------------------------------------------
     0 | D:5      | cbfl8 the Minotaur Delver began the quest for the Orb.
     0 | D:5      | Reached XP level 1. HP: 19/19 MP: 0/0
    45 | D:4      | Noticed a hound
    49 | D:4      | Killed a hound
    50 | D:4      | Reached XP level 2. HP: 27/27 MP: 1/1
    50 | D:4      | Reached XP level 3. HP: 33/33 MP: 2/2
   141 | D:3      | Found a glowing golden altar of the Shining One.
   372 | D:3      | Reached skill level 5 in Stealth
   914 | D:1      | Reached XP level 4. HP: 40/40 MP: 3/3
   924 | D:1      | Found a faded altar of an unknown god.
  1353 | D:1      | Reached skill level 1 in Armour
  1895 | D:2      | HP: 1/40 [gnoll (6)]
  1905 | D:2      | HP: 1/40 [giant cockroach (1)]
  1905 | D:2      | Slain by a giant cockroach

Illustrated notes

Levels and vault maps discovered:
D:1:      dpeg_arrival_water_temple_mockup, layout_basic,
          basic_ecumenical_altar, chequers_serial_rivers_room_a,
          minmay_misc_feat_chi
D:2:      layout_loops_ring
D:3:      layout_basic, nicolae_tso_besieged_by_evil, minivault_11
D:4:      layout_rooms, nicolae_qazlal_general_emergency, grunt_ministairs_12
D:5:      layout_loops_corners, serial_shops, nicolae_stop_n_shop_2,
          uniq_grinder

Skill      XL: |  1  2  3  4 |
---------------+-------------+-----
Fighting       | 4 |  4.1
Stealth        | 5 |  5.1
Armour         | 1 |  1.2
Axes           | 3 |  3.6
Dodging        | |  2.6

Action                   |  1- 3 |  4- 6 || total
-------------------------+-------+-------++-------
Melee: Hand axe          |    42 |    51 ||    93
       Headbutt          |     4 |    12 ||    16
 Stab: Sleeping          |     1 |     4 ||     5
Armor: Leather armour    |    14 |    22 ||    36
Dodge: Dodged            |    42 |    48 ||    90
